 Dungeon Crawl Stone Soup version 0.28.0-43-g3370ac3207 (webtiles) character file.

Game seed: 14471867604320767976

1049 croobank the Covert (level 8, -3/55 HPs)
             Began as an Octopode Delver on Mar 29, 2022.
             Slain by Dowan
             ... wielding a +0 dagger
              (5 damage)
             ... on level 5 of the Dungeon.
             The game lasted 00:21:36 (5810 turns).

croobank the Covert (Octopode Delver)               Turns: 5810, Time: 00:21:37

Health: -3/55      AC:  1    Str: 11    XL:     8   Next: 25%
Magic:  8/8        EV: 17    Int: 14    God:
Gold:   120        SH:  0    Dex: 26    Spells: 7/7 levels left

rFire   . . .      SeeInvis .   g - +2 war axe (elec)
rCold   . . .      Faith    .   i - orb {light}
rNeg    . . .      Spirit   .   (helmet restricted)
rPois   .          Reflect  .   (no amulet)
rElec   .          Harm     .   r - ring of resist corrosion
rCorr   +          Rampage  .   s - +6 ring of dexterity
Will    .....                   y - +6 ring of dexterity
Stlth   +++.......              (no ring)
HPRegen 0.18/turn               (no ring)
MPRegen 0.11/turn               (no ring)
                                (no ring)
                                (no ring)

@: attractive, glowing
A: almost no armour, amphibious, 8 rings, camouflage 1, gelatinous body 1,
(nimble swimmer 1), tentacles
a: no special abilities


You were on level 5 of the Dungeon.
You visited 1 branch of the dungeon, and saw 5 of its levels.

You collected 120 gold pieces.

Inventory:

Hand Weapons
 a - a +0 hand axe
 c - the +7 dagger of Apluu {flame, Fly rF+}
   (You found it on level 4 of the Dungeon)

   It burns those it strikes, dealing additional fire damage.
   rF:        It protects you from fire.
   Fly:       It grants you flight.
 g - a +2 war axe of electrocution (weapon)
 A - a +2 quarterstaff of chaos
Missiles
 e - 42 bolts
 j - 110 arrows
 p - 32 sling bullets
 t - 33 stones (quivered)
Armour
 i - an orb of light (worn)
 n - a +1 buckler
Jewellery
 r - a ring of resist corrosion (left tentacle)
 s - a +6 ring of dexterity (right tentacle)
 y - a +6 ring of dexterity (on tentacle)
Wands
 f - a wand of digging (3)
Scrolls
 b - a scroll of fog
 h - 2 scrolls of teleportation
 x - a scroll of amnesia {unknown}
 z - a scroll of vulnerability {unknown}
Potions
 d - a potion of curing
 k - a potion of attraction
 l - a potion of resistance {unknown}
 q - a potion of berserk rage {unknown}
 u - a potion of might {unknown}
 B - 2 potions of heal wounds {unknown}


   Skills:
 + Level 5.2 Fighting
 * Level 4.1 Short Blades
 - Level 3.6 Axes
 + Level 4.8 Dodging
 + Level 9.2 Stealth


You had 7 spell levels left.
You didn't know any spells.
Your spell library was empty.

Dungeon Overview and Level Annotations

Branches:
Dungeon (5/15)
 Temple: D:4-7

Altars:
Cheibriados
Okawaru
Sif Muna
Wu Jian

Shops:
D:1 [

Annotations:
D:5 Dowan


Innate Abilities, Weirdness & Mutations

You cannot wear most types of armour.
You are amphibious.
You can wear up to eight rings at the same time.
Your skin changes colour to match your surroundings (Stealth+).
Your rubbery body absorbs attacks. (AC +1, EV +1)
((You are camouflaged when in or above water. (Stealth+)))
You have tentacles for arms and can constrict up to eight enemies at once.


Message History

Duvessa, Sister of Dowan comes into view.
She is wielding a +5 rapier of protection.
Okay, then.
As you read the scroll labelled MEOCE RUGAO, it crumbles to dust.
It is a scroll of identify.
o - a scroll of enchant armour Duvessa shouts!
As you read the scroll of enchant armour, it crumbles to dust.
Your +0 buckler glows green for a moment.
Dowan, Brother of Duvessa comes into view.
He is wielding a +0 dagger.
Duvessa closely misses you.
You hit Duvessa but do no damage. You grab Duvessa.
You constrict Duvessa, but do no damage.
Duvessa barely misses you.
Duvessa hits you with a +5 rapier of protection!
Dowan casts a spell.
Dowan blinks!
You completely miss Duvessa. You squeeze Duvessa, but do no damage.
You constrict Duvessa, but do no damage.
Duvessa hits you with a +5 rapier of protection!
You hit Duvessa but do no damage. Lightning courses through Duvessa!
You squeeze Duvessa!
Duvessa is severely wounded.
You constrict Duvessa, but do no damage.
Duvessa hits you with a +5 rapier of protection.
You hit Duvessa but do no damage. Lightning courses through Duvessa!!
You kill Duvessa!
You hear a distant wail of despair.
Your Short Blades skill increases to level 4!
Dowan seems to find hidden reserves of power!
Dowan gestures at you while chanting. The stone arrow hits you!
* * * LOW HITPOINT WARNING * * *
It was a potion of attraction.
You feel attractive to monsters. Dowan hits you with a +0 dagger.
* * * LOW HITPOINT WARNING * * *
As you read the scroll labelled AFOFOS ILEXARGH, it crumbles to dust.
You feel a surge of unholy energy.
Dowan convulses!
It was a scroll of torment.
Dowan hits you with a +0 dagger.
You die...

****,,* *,* *,*+,,≈,,≈≈*≈#.
,,,*,,******,****##≈*,,,,,,≈≈*,#.
**,*,,*,,,,>,,,,..#≈*,,,≈≈,≈≈*,#.
,,,,,,*,***..,,,..#≈**,,≈,≈≈**,#.
**,**,,,,,,..***#.#*≈********≈##.
*,**,***,*,.#* #.#**,,,,≈≈≈≈##.#
*.#.**,,,*,..* #.# ******####..#
*..#**,**###.###.#########.###.#
#..* *,,,#....e@...........<###.
#..#*#...#..)###..########.###.#
#.#.##............# #..#.##
#.#..#.......####)########.#.##
##.#.#g......#* #.........)#.#
.............* #..#########.#
...####.##.#** ##..# #)#
##.####)##.######...#########.#
#.....#g).............>......# *


You could see Dowan (fast).

Vanquished Creatures
  Duvessa (D:5)
  An ice beast (D:5)
  A centaur (D:5)
  A phantom (D:5)
  2 scorpions
  A water moccasin zombie (D:4)
  A water moccasin skeleton (D:4)
  A jelly (D:5)
  Crazy Yiuf (D:4)
  A gnoll shaman (D:5)
  3 orc priests
  An iguana (D:4)
  A howler monkey skeleton (D:3)
  12 adders
  7 gnolls
  2 ufetubi (D:5)
  4 dart slugs
  15 orcs
  4 endoplasms
  2 giant cockroaches (D:2)
  5 goblins
  3 hobgoblins
  3 quokkas
  4 ball pythons
  3 bats
  3 frilled lizards (D:3)
  5 kobolds
  2 rats
90 creatures vanquished.

Notes
Turn   | Place    | Note
-------+----------+-------------------------------------------
     0 | D:5      | croobank the Octopode Delver began the quest for the Orb.
     0 | D:5      | Reached XP level 1. HP: 16/16 MP: 1/1
    49 | D:5      | Noticed a scorpion
    51 | D:5      | Noticed a jelly
    77 | D:5      | Noticed a gnoll shaman
   102 | D:5      | Found an ornate altar of the Wu Jian Council.
   265 | D:2      | Found an iron altar of Okawaru.
   272 | D:2      | Reached XP level 2. HP: 3/21 MP: 2/2
  1057 | D:1      | Found Qauvi's Antique Armour Shop.
  1073 | D:1      | Reached XP level 3. HP: 25/26 MP: 3/3
  1403 | D:2      | Found a faded altar of an unknown god.
  1406 | D:2      | Reached skill level 7 in Stealth
  1696 | D:2      | Reached XP level 4. HP: 25/31 MP: 4/4
  2011 | D:3      | Noticed a scorpion
  2026 | D:3      | Killed a scorpion
  2027 | D:3      | Reached XP level 5. HP: 19/37 MP: 5/5
  2849 | D:3      | Found a snail-covered altar of Cheibriados.
  2957 | D:3      | Reached XP level 6. HP: 25/43 MP: 6/6
  3851 | D:3      | Reached skill level 8 in Stealth
  3943 | D:4      | Found a runed translucent door.
  3945 | D:4      | Noticed Crazy Yiuf
  4138 | D:4      | Identified the +7 dagger of Apluu {flame, Fly rF+}
  4483 | D:4      | Reached skill level 1 in Short Blades
  4558 | D:4      | Reached XP level 7. HP: 36/49 MP: 7/7
  4920 | D:4      | Killed Crazy Yiuf
  5436 | D:5      | Found a shimmering blue altar of Sif Muna.
  5523 | D:5      | Reached skill level 5 in Fighting
  5523 | D:5      | Reached skill level 9 in Stealth
  5523 | D:5      | Reached XP level 8. HP: 15/55 MP: 8/8
  5794 | D:5      | Noticed Duvessa
  5796 | D:5      | Noticed Dowan
  5804 | D:5      | Killed Duvessa
  5809 | D:5      | HP: 2/55 [Dowan/+0 dagger (4)]
  5810 | D:5      | Slain by Dowan

Illustrated notes

Levels and vault maps discovered:
D:1:      lemuel_arrival_room, layout_basic, serial_shops, shop,
          kennysheep_nondescript
D:2:      layout_basic, dreamdust_ecumenical_altar_grove, basic_altar
D:3:      layout_basic, cheibriados_altar_1, serial_aquarium,
          aquarium_bridge_square [aquarium_subvault_bridge,
          aquarium_subvault_bridge, aquarium_subvault_bridge,
          aquarium_subvault_bridge], aquarium_window_1, aquarium_window_2,
          aquarium_view_4, aquarium_view_2d, aquarium_pool_split,
          grunt_ministairs_2, minmay_misc_feat_more_columns
D:4:      minmay_skewed_foursquare, layout_basic, minmay_misc_feat_five,
          uniq_crazy_yiuf_cottage
D:5:      cheibrodos_two_vegetables, layout_loops_ring,
          nzn_wu_jian_council_hall, kennysheep_orc_sif_temple,
          lightli_ossuary_entry_decrepit_ruins, uniq_duvessa, uniq_edmund

Skill      XL: |  1  2  3  4  5  6  7  8 |
---------------+-------------------------+-----
Stealth        | 7 8 9 |  9.2
Axes           | 3 |  3.6
Dodging        | 3 4 |  4.8
Fighting       | 4 5 |  5.2
Short Blades   | 1 3 4 |  4.1

Action                   |  1- 3 |  4- 6 |  7- 9 || total
-------------------------+-------+-------+-------++-------
Melee: War axe           |    28 |    80 |    38 ||   146
       Hand axe          |     1 |       |       ||     1
       Constrict         |     4 |    24 |    10 ||    38
       Tentacles         |     3 |    14 |    10 ||    27
       Punch             |       |       |     2 ||     2
Throw: Dart              |       |     5 |       ||     5
       Stone             |       |     2 |       ||     2
  Use: Scroll            |     3 |     4 |     3 ||    10
       Potion            |     1 |       |     3 ||     4
 Stab: Sleeping          |     7 |     2 |     1 ||    10
Armor: Skin              |     2 |     6 |     3 ||    11
Dodge: Dodged            |    16 |    58 |    40 ||   114
